AoeStats
← PolloPolloPolla

Arabia

507048252Analyzed
1v1 RM · 15d ago on Sep 16, 2026· 27m 15s· 2 players
Game mode
Random Map
Map size
Tiny (2 player)
Population
200
Speed
Normal
Resources
Standard
Victory
Conquest
Starting age
Dark Age
Ending age
Imperial Age
RankedLock teamsTeams togetherTeam positionsShared explorationLock speedFull tech treeHidden civsTurbo modeCheats
Victory
Defeat
🇩🇪 Magyars · Germany
1000
+51
🇪🇸 Bohemians · Spain
1014
-17
Toruktan
6:58 Loom
9:07 Feudal Age
10:48 Double-Bit Axe
19:42 Scale Barding Armor
21:43 Castle Age
20:49 Wheelbarrow
20:45 Bloodlines
20:31 Horse Collar
24:34 Heavy Plow
24:45 Bow Saw
25:24 Husbandry
26:46 Chain Barding Armor
PolloPolloPolla
7:53 Loom
10:39 Feudal Age
12:21 Double-Bit Axe
14:50 Horse Collar
19:21 Wheelbarrow
23:04 Castle Age
26:01 Bow Saw
Connection lost

Rejoining the realm…

Still unreachable

The connection could not be restored.

Session expired

The server has moved on; the page needs a fresh start.